 Dungeon Crawl Stone Soup version 0.24.0-13-gcf9b3192b9 (webtiles) character file.

Game seed: 16690926325681081657, levelgen mode: deterministic

532 inmateoo the Skirmisher (level 7, -5/55 (59) HPs)
             Began as a Grey Draconian Air Elementalist on Nov 7, 2019.
             Slain by Prince Ribbit (16 damage)
             ... on level 5 of the Dungeon.
             The game lasted 00:06:20 (4060 turns).

inmateoo the Skirmisher (DrAE)                      Turns: 4060, Time: 00:06:21

HP:   -5/55 (59)    AC: 11    Str: 10    XL:     7   Next: 3%
MP:   1/12          EV: 13    Int: 18    God:
Gold: 188           SH:  0    Dex: 11    Spells: 7/13 levels left

rFire    . . .     SeeInvis .   q - +5 flail
rCold    . . .     Gourm    .   (no shield)
rNeg     . . .     Faith    .   (armour unavailable)
rPois    .         Spirit   .   (helmet restricted)
rElec    .         Reflect  .   (no cloak)
rCorr    .         Harm     .   (no gloves)
MR       .....                  (no boots)
Stlth    ++........             (no amulet)
HPRegen  0.18/turn              h - ring of wizardry
MPRegen  0.13/turn              (no ring)

@: no status effects
A: walk through water, unfitting armour, unbreathing, cold-blooded, AC +11
a: no special abilities


You were on level 5 of the Dungeon.
You were very hungry.

You visited 1 branch of the dungeon, and saw 5 of its levels.

You collected 188 gold pieces.

Inventory:

Hand Weapons
 o - a +0 trident of protection
 q - a +5 flail (weapon)
Missiles
 d - a throwing net
 g - 13 boomerangs (quivered)
Jewellery
 h - a ring of wizardry (left hand)
 x - a cursed amulet of inaccuracy {unknown}
Scrolls
 a - 2 scrolls of enchant armour {unknown}
 e - 2 scrolls of fear {unknown}
 i - 2 scrolls of identify {unknown}
 k - a scroll of teleportation {unknown}
 l - a scroll of amnesia {unknown}
 n - a scroll of remove curse {unknown}
 p - 3 scrolls of immolation {unknown}
 w - a scroll of noise {unknown}
Potions
 c - a potion of cancellation {unknown}
 f - a potion of might {unknown}
 j - 3 potions of agility {unknown}
 m - a potion of heal wounds {unknown}
 r - a potion of flight {unknown}
 s - a potion of lignification {unknown}
 t - a potion of haste {unknown}
 u - a potion of curing {unknown}
Comestibles
 b - 3 rations


   Skills:
 - Level 4.1 Fighting
 - Level 3.0 Dodging
 - Level 1.7 Stealth
 + Level 2.9 Unarmed Combat
 + Level 3.5 Spellcasting
 - Level 1.0 Conjurations
 + Level 3.6 Air Magic


You had 7 spell levels left.
You knew the following spells:

 Your Spells              Type           Power        Failure   Level  Hunger
a - Shock                 Conj/Air       ##..         2%          1    None
b - Swiftness             Chrm/Air       #.......     4%          2    ##.....
c - Static Discharge      Conj/Air       ##......     8%          3    ###....

Your spell library contained the following spells:

 Spells                   Type           Power        Failure   Level  Hunger
 Airstrike                Air            ###.......   14%         4    ####...
 Lightning Bolt           Conj/Air       ##........   52%         5    ######.


Dungeon Overview and Level Annotations

Branches:
Dungeon (5/15)
 Temple: D:4-7

Altars:
Vehumet

Annotations:
D:5 Prince Ribbit


Innate Abilities, Weirdness & Mutations

You can walk through water.
Your dull iron-grey scales are very hard. (AC +11)
You cannot fit into any form of body armour.
You can survive without breathing.
You are cold-blooded and may be slowed by cold attacks.


Message History

There is a stone staircase leading up here.
Casting: Static Discharge (safe; 8% risk of failure)
Confirm with . or Enter, or press ? or * to list all spells.
Prince Ribbit is struck by an arc of lightning.
Prince Ribbit is severely wounded.
You are struck by an arc of lightning.
The lightning grounds out.
Prince Ribbit catches a moth with his tongue.
Prince Ribbit hits you!
* * * LOW HITPOINT WARNING * * *
Unknown command.
You miss Prince Ribbit.
Your tail-slap misses Prince Ribbit.
Prince Ribbit is severely wounded.
Prince Ribbit mumbles some strange words.
Prince Ribbit looks slightly unstable.
Prince Ribbit misses you.
Unknown command.
Unknown command.
You hit Prince Ribbit.
Prince Ribbit is severely wounded.
Prince Ribbit hits you!
You die...

#.# #.# #.# #.#
### ## #.# ...
.. #.# #.###.
###.###..#.
#.....#.#.#
#....@#.#.#
#....F....#
#.....#...#
#.....#...####
#.#.........>..
#.##.##..#####.
#. #.##..#
....F... ##.
#..###


You could see Prince Ribbit.

Vanquished Creatures
  A necrophage (D:4)
  A centaur (D:3)
  A bullfrog (D:4)
  2 hounds (D:4)
  Terence (D:3)
  A worker ant (D:4)
  A hound zombie (D:5)
  8 adders
  2 oozes
  4 worms
  2 dart slugs (D:1)
  A leopard gecko (D:1)
  12 orcs
  11 bats
  2 giant cockroaches
  5 goblins
  2 hobgoblins
  6 jackals
  A ball python (D:2)
  4 frilled lizards
  11 kobolds
  A leopard gecko skeleton (D:4)
  7 rats
87 creatures vanquished.

Notes
Turn   | Place    | Note
-------+----------+-------------------------------------------
     0 | D:1      | inmateoo the Draconian Air Elementalist began the quest for
                  | the Orb.
     0 | D:1      | Reached XP level 1. HP: 14/14 MP: 3/3
    84 | D:1      | Reached skill level 1 in Fighting
   180 | D:1      | Reached XP level 2. HP: 4/24 MP: 0/5
   184 | D:1      | Reached skill level 2 in Fighting
   690 | D:1      | Learned a level 2 spell: Swiftness
   814 | D:1      | Reached XP level 3. HP: 21/30 MP: 6/6
  1564 | D:2      | Found a radiant altar of Vehumet.
  1567 | D:2      | Reached skill level 3 in Fighting
  1587 | D:2      | Reached XP level 4. HP: 25/38 MP: 0/7
  2200 | D:3      | Learned a level 3 spell: Static Discharge
  2288 | D:3      | Noticed Terence
  2352 | D:3      | Killed Terence
  2352 | D:3      | Reached skill level 1 in Unarmed Combat
  2487 | D:3      | Noticed a centaur
  2493 | D:3      | Killed a centaur
  2493 | D:3      | Reached XP level 5. HP: 37/45 MP: 0/8
  3172 | D:4      | Reached XP level 6. HP: 45/52 MP: 5/10
  3388 | D:4      | Reached skill level 4 in Fighting
  3589 | D:4      | HP: 2/48 [bullfrog (4)]
  3593 | D:4      | Your scales start taking on a dull iron-grey colour.
  3593 | D:4      | Reached XP level 7. HP: 3/55 MP: 0/12
  3593 | D:4      | Gained mutation: You can survive without breathing. [Grey
                  | Draconian growth]
  4032 | D:5      | Entered Level 5 of the Dungeon
  4043 | D:5      | Noticed Prince Ribbit
  4060 | D:5      | Slain by Prince Ribbit

Levels and vault maps discovered:
D:1:      grunt_arrival_lava_bath, layout_basic
D:2:      layout_basic, old_standard_altar, first_ration, serial_corexii_hall,
          corexii_hall_statues_l, corexii_hall_statues_deadend
D:3:      layout_loops_cross, minmay_misc_feat_plants, uniq_terence
D:4:      layout_basic, minivault_25
D:5:      layout_loops_ring, marbit_many_paths, minmay_temple_entry_mist,
          feat_on_display, uniq_ijyb, uniq_prince_ribbit1

Skill      XL: |  1  2  3  4  5  6 |
---------------+-------------------+-----
Fighting       | 1 2 3 4 |  4.1
Dodging        | 2 3 |  3.0
Unarmed Combat | 1 2 |  2.9
Spellcasting   | 3 |  3.5
Air Magic      | 3 |  3.6
Stealth        | |  1.7
Conjurations   | |  1.0

Action                   |  1- 3 |  4- 6 |  7- 9 || total
-------------------------+-------+-------+-------++-------
Melee: Unarmed           |    53 |     7 |       ||    60
       Tailslap          |     9 |     3 |     2 ||    14
       Trident           |       |    15 |       ||    15
       Flail             |       |    73 |    16 ||    89
       Punch             |       |     1 |       ||     1
Throw: Throwing net      |       |     1 |       ||     1
       Boomerang         |       |     1 |       ||     1
 Cast: Shock             |    69 |    28 |     1 ||    98
       Static Discharge  |       |    14 |     5 ||    19
       Swiftness         |       |     1 |       ||     1
 Stab: Sleeping          |     2 |     5 |       ||     7
       Distracted        |     1 |       |       ||     1
  Eat: Chunk             |     3 |     8 |     1 ||    12
Armor: Skin              |    42 |    45 |     8 ||    95
Dodge: Dodged            |    80 |   110 |     8 ||   198
